 Dungeon Crawl Stone Soup version 0.19.1-1-g22dce08 (webtiles) character file.

1911 Nakatomy the Thaumaturge (level 8, -5/47 HPs)
             Began as a Deep Elf Conjurer on Dec 30, 2016.
             Shot with an arrow by a centaur (10 damage)
             ... on level 7 of the Dungeon on Jan 9, 2017.
             The game lasted 00:40:34 (9663 turns).

Nakatomy the Thaumaturge (Deep Elf Conjurer)        Turns: 9663, Time: 00:40:35

Health: -5/47      AC:  7    Str:  5    XL:     8   Next: 95%
Magic:  15/22      EV: 15    Int: 23    God:
Gold:   455        SH:  0    Dex: 15    Spells: 5 memorised, 8 levels left

rFire  . . .     SeeInvis .     y - +0 short sword
rCold  . . .     Gourm    +     a - +1 robe
rNeg   . . .     Faith    .     (no shield)
rPois  .         Spirit   .     I - +0 helmet
rElec  .         Reflect  .     A - +0 cloak
rCorr  .         Harm     .     (no gloves)
MR     +....                    q - +1 pair of boots
Stlth  ++........               p - amulet of the gourmand
                                n - ring of protection from magic
                                u - ring of wizardry

@: no status effects
A: no striking features
a: no special abilities


You were on level 7 of the Dungeon.
You were completely stuffed.

You visited 1 branch of the dungeon, and saw 7 of its levels.
You also visited: Sewer and Ossuary.

You collected 455 gold pieces.

Inventory:

Hand Weapons
 y - a +0 short sword (weapon)
Armour
 a - a +1 robe (worn)
 q - a +1 pair of boots (worn)
 z - a +2 scale mail of magic resistance
 A - a +0 cloak (worn)
 I - a +0 helmet (worn)
Jewellery
 i - a +5 ring of dexterity
 m - an uncursed ring of flight
 n - a ring of protection from magic (right hand)
 p - an amulet of the gourmand (around neck)
 s - an uncursed ring of resist corrosion
 u - a ring of wizardry (left hand)
 F - an uncursed amulet of rage
 K - an uncursed ring of wizardry
Scrolls
 e - a scroll of recharging
 g - 4 scrolls of teleportation
 j - 3 scrolls of remove curse
 k - a scroll of blinking
 l - 4 scrolls of enchant armour
 t - 3 scrolls of identify
 H - 3 scrolls of amnesia
Potions
 h - a potion of berserk rage
 o - 2 potions of heal wounds
 r - 2 potions of brilliance {unknown}
 v - 2 potions of lignification {unknown}
 w - 2 potions of haste
 B - a potion of flight
 E - a potion of cure mutation {unknown}
 G - a potion of agility {unknown}
Books
 b - a book of Conjurations

   Spells                             Type                      Level
   a - Magic Dart                     Conjuration                  1
   b - Searing Ray                    Conjuration                  2
   c - Dazzling Spray                 Conjuration/Hexes            3
   d - Fulminant Prism                Conjuration/Hexes            4
   e - Iskenderun's Mystic Blast      Conjuration                  4
   f - Iskenderun's Battlesphere      Conjuration/Charms           5
 C - a book of Cantrips

   Spells                             Type                      Level
   a - Confusing Touch                Hexes                        1
   b - Animate Skeleton               Necromancy                   1
   c - Summon Small Mammal            Summoning                    1
   d - Apportation                    Translocation                1
Comestibles
 c - 6 bread rations
 d - a slice of pizza
 f - 4 fruits
 x - 3 meat rations
 D - a royal jelly


   Skills:
 + Level 3.6 Fighting
 - Level 5.0 Dodging
 - Level 2.5 Stealth
 + Level 8.0 Spellcasting
 + Level 7.9 Conjurations
 - Level 7.8 Charms


You had 8 spell levels left.
You knew the following spells:

 Your Spells              Type           Power        Failure   Level  Hunger
a - Magic Dart            Conj           ####         1%          1    None
b - Searing Ray           Conj           #####.       1%          2    None
c - Dazzling Spray        Conj/Hex       ####..       2%          3    None
d - Iskenderun's Mystic   Conj           #####...     1%          4    ###....
e - Iskenderun's Battles  Conj/Chrm      #####...     4%          5    #####..


Dungeon Overview and Level Annotations

Branches:
Dungeon (7/15)
 Temple: D:4-7

Altars:

Annotations:
D:3 exclusion: downstairs


Message History

* * * LOW HITPOINT WARNING * * *
The centaur shoots an arrow.
The arrow misses you.
The searing ray hits the centaur.
The centaur is heavily wounded.
The centaur shoots an arrow.
The arrow closely misses you.
The searing ray hits the centaur.
The centaur is almost dead.
You finish channeling your searing ray.
The centaur shoots an arrow.
The arrow hits you!
* * * LOW HITPOINT WARNING * * *
The centaur shoots an arrow.
The arrow closely misses you.
Casting: Searing Ray
Confirm with . or Enter, or press ? or * to list all spells.
Aiming: Searing Ray
Press: ? - help, Shift-Dir - straight line, f - centaur
Aim: a centaur, wielding a shortbow (almost dead)
The searing ray hits the centaur.
The centaur is almost dead.
The centaur shoots an arrow.
The arrow hits you!
You die...

....... #......
#...... #......##
#.......#
##.....(##########
....(...(c...((c.#
........########.#
........# #@#
........# #.#
..####+## #.# #
#.# #.# #<# ###


You could see a centaur.

Vanquished Creatures
  Menkaure (D:5)
  A water moccasin (D:6)
  The ghost of alp the Sneak, an amateur SpAs (D:3)
  A phantom (D:4)
  2 centaurs
  3 ogres
  A crocodile (Sewer)
  A howler monkey (D:5)
  2 crimson imps (D:6)
  2 centaur zombies
  A quasit (D:5)
  A bullfrog skeleton (D:4)
  3 orc priests
  3 hounds
  Terence (D:2)
  3 orc wizards
  3 worker ants
  4 big kobold zombies (Ossuary)
  A hound skeleton (D:4)
  2 mummies (Ossuary)
  3 gnolls (D:4)
  A howler monkey skeleton (D:6)
  10 adders
  A river rat (D:3)
  A shadow imp (D:6)
  2 oozes
  2 adder skeletons (D:4)
  6 worms
  4 dart slugs
  4 leopard geckos
  29 orcs
  A ball python (D:4)
  10 giant cockroaches
  11 goblins
  7 hobgoblins
  15 jackals
  A ball python skeleton (D:4)
  7 bats
  4 frilled lizards
  A gnoll zombie (Ossuary)
  A goblin zombie (Ossuary)
  4 hobgoblin zombies (Ossuary)
  A jackal skeleton (D:6)
  7 kobolds
  3 leopard gecko skeletons (D:4)
  A leopard gecko zombie (D:6)
  3 orc zombies (Ossuary)
  2 quokka zombies (D:6)
  6 rats
185 creatures vanquished.

Notes
Turn   | Place    | Note
-------+----------+-------------------------------------------
     0 | D:1      | Nakatomy the Deep Elf Conjurer began the quest for the Orb.
     0 | D:1      | Reached XP level 1. HP: 10/10 MP: 6/6
   451 | D:1      | Reached XP level 2. HP: 12/15 MP: 4/8
   579 | D:1      | Learned a level 2 spell: Searing Ray
   987 | D:1      | Reached XP level 3. HP: 19/19 MP: 7/10
  1577 | D:2      | Reached skill level 5 in Conjurations
  1725 | D:2      | Reached skill level 4 in Spellcasting
  2004 | D:2      | Reached XP level 4. HP: 24/24 MP: 7/12
  2231 | D:2      | Noticed Terence
  2243 | D:2      | Killed Terence
  2416 | D:2      | Learned a level 4 spell: Iskenderun's Mystic Blast
  2824 | D:3      | Reached XP level 5. HP: 21/28 MP: 7/13
  3118 | D:3      | Found a glowing drain.
  3208 | Sewer    | Entered a sewer
  3639 | Sewer    | Noticed a crocodile
  3647 | Sewer    | Killed a crocodile
  3726 | Sewer    | Learned a level 5 spell: Iskenderun's Battlesphere
  3798 | D:3      | Reached XP level 6. HP: 32/32 MP: 11/15
  3977 | D:3      | Reached skill level 5 in Spellcasting
  4162 | D:3      | Noticed alp's ghost (amateur SpAs)
  4182 | D:3      | Killed alp's ghost
  4299 | D:3      | Reached skill level 5 in Dodging
  4491 | D:3      | Reached skill level 1 in Charms
  5348 | D:4      | Reached XP level 7. HP: 37/37 MP: 4/17
  5659 | D:4      | Reached skill level 1 in Fighting
  6347 | D:4      | Reached skill level 6 in Spellcasting
  6462 | D:4      | Reached skill level 5 in Charms
  6694 | D:5      | Entered Level 5 of the Dungeon
  7255 | D:5      | Reached XP level 8. HP: 26/44 MP: 6/19
  7469 | D:5      | Learned a level 3 spell: Dazzling Spray
  7600 | D:5      | Noticed Menkaure
  7607 | D:5      | Killed Menkaure
  7958 | D:6      | Found a sand-covered staircase.
  7974 | Ossuary  | Entered an ossuary
  8658 | D:6      | Reached skill level 7 in Spellcasting
  9452 | D:6      | Reached skill level 8 in Spellcasting
  9663 | D:7      | Shot with an arrow by a centaur

Skill      XL: |  1  2  3  4  5  6  7  8 |
---------------+-------------------------+-----
Dodging        | 3 4 5 |  5.0
Conjurations   | 5 6 7 |  7.9
Spellcasting   | 4 5 6 8 |  8.0
Charms         | 2 5 7 |  7.8
Fighting       | 2 3 |  3.6
Stealth        | |  2.5

Action                   |  1- 3 |  4- 6 |  7- 9 || total
-------------------------+-------+-------+-------++-------
Melee: Unarmed           |     7 |       |       ||     7
       Short sword       |       |       |    18 ||    18
 Cast: Magic Dart        |    83 |   105 |   149 ||   337
       Searing Ray       |     3 |    22 |    36 ||    61
       Iskenderun's Myst |       |     4 |       ||     4
       Iskenderun's Batt |       |     1 |    12 ||    13
  Use: Scroll            |     4 |    11 |     1 ||    16
  Eat: Chunk             |    12 |    15 |    17 ||    44
Armor: Robe              |     1 |     4 |    12 ||    17
Dodge: Dodged            |    19 |    24 |    68 ||   111
